Map: Ley Lines

Players

ManlyManMeat - Winner!

  • Race: Zerg Zerg
  • League: Diamond
  • Spawn Location: 7:00

Griff

  • Race: Protoss Protoss
  • League: Diamond
  • Spawn Location: 1:00

VOD

Have the link to the VOD?

Description

Time

  • Played on: July 5, 2025, 4:11 p.m.
  • Length: 5:39
Show
View Real Time Build Order
Export as new Build Order

ManlyManMeat Zerg - Winner!

Build Orders: Hatch First, Zergling Baneling 

Get SALT Encoding   

  12  0:00  Drone  
  13  0:11  Drone  
  14  0:14  Extractor  
  14  0:15  Drone  
  15  0:21  Overlord  
  15  0:40  Drone  
  16  0:46  Hatchery  
  15  0:52  Drone  
  15  0:55  Drone  
  17  0:58  Drone  
  18  1:09  Extractor  
  17  1:15  Spawning Pool  
  17  1:17  Drone  
  17  1:21  Drone  
  18  1:26  Drone  
  19  1:45  Drone  
  19  1:46  Extractor  
  19  1:53  Drone  
  20  2:01  Queen x2  
  20  2:02  Zergling x2  
  20  2:06  Zergling x2  
  26  2:15  Metabolic Boost  
  26  2:25  Drone x2  
  26  2:26  Overlord  
  28  2:37  Overlord  
  28  2:49  Zergling x2  
  29  2:53  Baneling Nest, Zergling x4  
  29  3:26  Zergling x6  
  29  3:27  Zergling x14  
  34  3:32  Overlord x2  
  39  3:50  Zergling x4  
  41  3:57  Zergling x10  
  41  4:02  Baneling x5  
  46  4:07  Drone  
  47  4:12  Baneling x4  
  47  4:24  Zergling x6  
  50  4:32  Zergling x8  
  51  4:49  Zergling x4  
  52  4:57  Overlord x2  
  52  5:00  Baneling x6  
  52  5:19  Zergling x16  
Show
View Real Time Build Order
Export as new Build Order

Griff Protoss 

Build Orders: 1 Gate Expand, Zealot Archon 

Get SALT Encoding   

  12  0:01  Probe  
  13  0:14  Probe  
  14  0:21  Pylon  
  14  0:26  Probe  
  15  0:35  Probe  
  15  0:41  Gateway  
  16  0:43  Probe  
  16  0:47  Assimilator  
  17  0:53  Probe  
  18  1:05  Probe  
  19  1:18  Probe  
  20  1:28  Nexus  
  21  1:37  Cybernetics Core  
  20  1:44  Assimilator  
  20  1:45  Probe  
  21  1:57  Probe  
  22  2:02  Pylon  
  22  2:09  Probe  
  22  2:10  Adept  
  23  2:21  Warp Gate, Probe  
  26  2:33  Probe  
  26  2:36  Probe, Twilight Council  
  27  2:39  Adept  
  28  2:45  Gateway, Probe x2  
  32  2:54  Probe  
  32  2:57  Probe  
  34  3:05  Gateway  
  34  3:07  Probe  
  34  3:10  Probe  
  36  3:26  Probe x2  
  38  3:28  Charge  
  38  3:33  Pylon  
  38  3:37  Robotics Facility  
  38  3:38  Probe x2  
  40  3:50  Probe x2  
  40  3:54  Templar Archives  
  42  3:58  Assimilator  
  42  4:02  Probe, Assimilator  
  43  4:05  Gateway x2  
  43  4:09  Probe  
  44  4:12  Stalker  
  44  4:14  Probe  
  47  4:26  Warp Prism  
  47  4:29  Zealot x2  
  53  4:32  Probe  
  53  4:37  Pylon  
  54  4:41  Probe  
  54  4:44  Probe  
  50  4:53  High Templar  
  50  4:54  High Templar  
  50  4:57  Archon  
  48  5:04  High Templar  
  49  5:09  Zealot  
Tags
 
Add a new tag
Caveats
  • Supply blocks, unpowered buildings, or Contaminate may cause inaccurate times.
  • Supply counts are checked every 10 seconds.